Cogmind - Beta 16.1 @@@ ROGUE MODE // 2026.04.23 @ 14:24:54 Player: Thqwib-Linux Result: Escaped! Performance ------------- Evolutions (9) 4500 Regions Visited (26) 5200 Robots Destroyed (482) 2410 Value Destroyed (23539) 23539 Prototype IDs (68) 1360 Alien Tech Used (2) 400 Bonus (14711) 14711 TOTAL SCORE: 52120 Bonus ------- High Alert Combat Kills 6034 Follower Combat Kills 469 Entered DSFs 500 Aligned with FarCom 300 Acquired ECA 300 MAIN.C Attacked Warlord 500 Warlord Defense Kills 3818 Scanned by Researcher 500 Win 3000 Friendly Fire -710 Cogmind --------- Core Integrity 46/1600 Matter 262/300 Energy 78/100 System Corruption 6% Temperature Cool (0) Movement Core (100) Ox1 Location To Epsilon Eridani Parts ------- > --- POWER (3) -------- (None) > --- PROPULSION (6) --- (None) > --- UTILITY (12) ----- Experimental Salvage Targeting Computer > --- WEAPON (4) ------- Enhanced Quantum Rifle > --- INVENTORY (5) ---- Quantum Reactor Experimental Heat Sink Stasis Canceller Improved Transmission Jammer Peak State ------------ > --- POWER ------------ Reinforced Antimatter Reactor Light Quantum Reactor Light Quantum Reactor > --- PROPULSION ------- Myomer Leg Myomer Leg Myomer Leg Myomer Leg Biometal Leg Biometal Leg > --- UTILITY ---------- Advanced Cryofiber Web Experimental Heat Sink High-capacity Storage Unit Experimental Salvage Targeting Computer Advanced Targeting Computer Experimental Core Analyzer Experimental Core Analyzer Concept Core Shell Centrium Medium Armor Plating Centrium Medium Armor Plating Experimental Hardlight Generator Experimental System Purifier > --- WEAPON ----------- Enhanced Quantum Rifle Enhanced Quantum Rifle Concept XC Strikerail Concept XC Strikerail > --- INVENTORY -------- Myomer Leg Experimental Heat Sink Stasis Canceller Improved Transmission Jammer Graphene Brace Phase Redirector Long-range Tractor Beam Enhanced Quantum Rifle Enhanced Nova Cannon Railgun Ragnarok Missile Launcher Improved Plasma Cutter [Rating: 220] Favorites ----------- Power Antimatter Reactor Engine F-cell Engine Power Core Light Nuclear Core Reactor Antimatter Reactor Propulsion Armored Huge Wheel Treads Advanced Heavy Siege Treads Leg Myomer Leg Wheel Armored Huge Wheel Utility Experimental Core Analyzer Device Advanced Sensor Array Storage High-capacity Storage Unit Processor Experimental Core Analyzer Hackware Ghost Barrier Protection SHELL Armor Artifact Phase Redirector Weapon Helical Railgun Energy Gun Enhanced Quantum Rifle Energy Cannon Advanced Plasma Cannon Ballistic Gun Helical Railgun Ballistic Cannon Enhanced Hardcell Cannon Launcher Ragnarok Missile Launcher Special Weapon Improved Plasma Cutter Slashing Weapon Katana Build | -11 -10 -10 -10 -9 -8 -7 -7 -7 -7 -6 -6 -6 -5 -5 -5 -5 -4 -4 -4 -4 -3 -3 -2 -2 -2 -1 ------- Run | Yrd Mat Min Exi Min Mat Fac Was Fac DSF Fac Was Fac Fac Upp Upp War Pro Fac Was Fac Res Tes Res Qua Frg Acc Slots Evolved 18 | . . . . . 4 2 . . . 2 . . 2 . . . . 2 . . 2 . 2 . . 2 Power 2 | . . . . . . . . . . . . . 1 . . . . . . . . . . . . 1 Propulsion 4 | . . . . . 1 . . . . 1 . . . . . . . 2 . . . . . . . . Utility 10 | . . . . . 1 2 . . . 1 . . 1 . . . . . . . 2 . 2 . . 1 Weapon 2 | . . . . . 2 . . . . . . . . . . . . . . . . . . . . . Parts Attached 254 | 2 7 4 1 2 35 3 7 . 2 6 2 5 8 . 1 14 8 5 1 8 9 12 36 17 32 27 Power 37 | . 1 . . . 6 . 2 . . 2 . . . . 1 1 . 2 1 1 2 6 3 2 4 3 Engine 5 | . 1 . . . 2 . . . . 2 . . . . . . . . . . . . . . . . Core 4 | . . . . . 4 . . . . . . . . . . . . . . . . . . . . . Reactor 28 | . . . . . . . 2 . . . . . . . 1 1 . 2 1 1 2 6 3 2 4 3 Propulsion 68 | 2 2 . . 1 11 . 1 . 1 1 . 2 3 . . 2 . . . 1 2 2 11 6 11 9 Treads 16 | . 1 . . . 4 . 1 . 1 . . 1 . . . 1 . . . 1 . . 3 1 2 . Leg 16 | . . . . . . . . . . . . . . . . . . . . . . . . . 7 9 Wheel 36 | 2 1 . . 1 7 . . . . 1 . 1 3 . . 1 . . . . 2 2 8 5 2 . Hover . | . . . . . . . . . . . . . . . . . . . . . . . . . . . Flight . | . . . . . . . . . . . . . . . . . . . . . . . . . . . Utility 82 | . 4 1 . . 7 2 3 . 1 3 2 2 2 . . 9 . 3 . 5 4 4 9 2 10 9 Device 42 | . 2 1 . . 4 1 2 . 1 1 1 2 . . . 3 . 2 . 4 3 2 6 . 4 3 Storage 4 | . 2 . . . . . . . . . . . 1 . . . . . . . . . 1 . . . Processor 18 | . . . . . 1 1 1 . . . 1 . 1 . . 4 . 1 . . . . 1 1 3 3 Hackware 7 | . . . . . . . . . . 1 . . . . . 2 . . . 1 . 2 . . . 1 Protection 10 | . . . . . 2 . . . . 1 . . . . . . . . . . 1 . 1 . 3 2 Artifact 1 | . . . . . . . . . . . . . . . . . . . . . . . . 1 . . Weapon 67 | . . 3 1 1 11 1 1 . . . . 1 3 . . 2 8 . . 1 1 . 13 7 7 6 Energy Gun 15 | . . . 1 . 1 . . . . . . . . . . 1 . . . . . . 1 2 5 4 Energy Cannon 4 | . . . . . . . . . . . . 1 1 . . . . . . . . . 1 . . 1 Ballistic Gun 38 | . . 2 . . 8 1 1 . . . . . . . . . 8 . . 1 . . 9 5 2 1 Ballistic Cannon 3 | . . . . . 1 . . . . . . . 1 . . . . . . . . . 1 . . . Launcher 4 | . . 1 . 1 . . . . . . . . 1 . . . . . . . . . 1 . . . Special Weapon 1 | . . . . . . . . . . . . . . . . 1 . . . . . . . . . . Impact Weapon . | . . . . . . . . . . . . . . . . . . . . . . . . . . . Slashing Weapon 2 | . . . . . 1 . . . . . . . . . . . . . . . 1 . . . . . Piercing Weapon . | . . . . . . . . . . . . . . . . . . . . . . . . . . . Special Melee Weapon . | . . . . . . . . . . . . . . . . . . . . . . . . . . . Unidentified Prototypes 34 | . . 1 . . 2 . . . . 1 . . . . . 7 2 . . . . 3 5 3 9 1 Parts Lost 60 | . . . . . 4 . . . . . . . 1 . 1 . . . . . 1 1 11 3 12 26 Power 4 | . . . . . . . . . . . . . . . . . . . . . . . . . 1 3 Propulsion 22 | . . . . . . . . . . . . . 1 . . . . . . . 1 1 5 2 6 6 Utility 17 | . . . . . . . . . . . . . . . . . . . . . . . 1 . 3 13 Weapon 17 | . . . . . 4 . . . . . . . . . 1 . . . . . . . 5 1 2 4 Highest Loss Streak 24 | . . . . . 1 . . . . . . . 1 . 1 . . . . . 1 1 4 2 4 24 To Critical Strikes 3 | . . . . . . . . . . . . . . . . . . . . . . . 2 . . 1 Average Backups 14 | 4 4 6 7 8 12 15 16 17 17 15 17 16 13 17 17 16 17 18 17 17 16 17 15 16 14 13 Power 1 | 1 1 1 1 1 1 1 1 1 1 1 2 2 1 1 . . 1 1 2 2 2 2 1 2 1 1 Propulsion 1 | 2 1 2 2 2 3 4 3 4 3 2 2 2 3 4 4 3 2 1 . 1 1 1 . . 1 . Utility 6 | . . 1 2 2 4 6 7 8 9 8 9 7 7 9 10 8 7 7 7 8 7 7 7 8 8 6 Weapon 3 | 1 1 2 2 3 3 3 4 4 4 4 4 3 1 2 1 2 6 7 7 4 4 5 4 4 1 3 Tool/Special . | . . . . . . . . . . . . . . . . . . . . . . . . . . . Unused Backups 44 | . 5 . . . 8 . 4 . 1 1 . 2 . . . 2 . 3 1 2 . 4 4 2 1 4 Power 14 | . 1 . . . 3 . 1 . . . . . . . . . . 1 . . . 2 1 1 1 3 Propulsion 7 | . . . . . 4 . 1 . . 1 . . . . . . . . . . . 1 . . . . Utility 18 | . 2 . . . 1 . 2 . 1 . . 2 . . . 2 . 2 1 1 . 1 2 . . 1 Weapon 5 | . 2 . . . . . . . . . . . . . . . . . . 1 . . 1 1 . . Tool/Special . | . . . . . . . . . . . . . . . . . . . . . . . . . . . Average Slot Usage (%) 85 | . 96 100 100 100 95 91 70 69 69 68 73 73 89 94 92 74 71 82 84 83 86 89 80 78 82 95 Engine 2 | . 14 14 14 14 1 7 2 . . . . . 5 5 5 5 5 1 . . . . . . . . Reactor 5 | . . . . . . . 4 7 7 5 6 5 5 5 4 5 5 8 10 10 9 9 6 6 5 11 Treads 5 | . 13 14 14 14 8 7 7 7 7 6 6 6 5 5 5 4 5 4 5 5 4 4 4 4 5 . Leg 1 | . . . . . . . . . . . . . . . . . . . . . . . . . 3 23 Wheel 11 | . 14 14 14 14 16 7 7 7 7 8 13 12 10 11 11 9 5 10 10 10 10 13 13 11 11 . Device 9 | . 7 14 14 14 8 15 7 7 7 12 6 12 11 11 10 8 5 5 5 5 13 8 7 9 12 15 Storage 6 | . 16 14 14 14 9 7 7 7 7 6 6 6 5 5 5 5 5 5 5 5 4 4 4 4 4 3 Processor 15 | . . . . . 3 14 22 23 23 20 26 20 22 23 23 23 23 21 21 21 19 19 17 16 17 17 Hackware 2 | . . . . . . . . . . . . . . . . 2 5 5 5 5 4 8 4 2 . . Protection 2 | . . . . . 5 . . . . . . . . . . . . . . . . . 3 4 4 7 Energy Gun 2 | . . . 1 14 5 . . . . . . . . . . . . . . . . . . 4 11 7 Ballistic Gun 14 | . 28 28 26 14 23 27 8 7 7 6 6 5 5 5 5 4 6 21 21 20 18 18 15 8 3 7 Peak Build Rating 220 | 6 7 15 12 13 43 50 75 74 77 86 82 91 85 86 86 133 133 131 134 146 157 159 182 200 192 220 Average Rating 113 | 6 6 7 10 12 31 49 71 74 75 82 81 86 77 85 84 104 131 127 131 138 154 153 171 177 174 202 On Entrance 87 | 6 6 7 8 12 12 43 50 74 74 76 86 82 68 85 86 73 133 121 131 130 146 151 157 173 170 189 Avg Prop Armor Cover (%) 9 | . 11 11 12 12 8 9 7 . 7 6 7 7 7 7 7 6 12 11 11 10 11 11 6 6 9 . Naked Turns . | . . . . . . . . . . . . . . . . . . . . . . . . . . . Heaviest Build 177 | 12 32 30 30 30 64 65 73 73 73 76 73 81 135 135 135 132 126 123 123 134 150 150 177 154 143 160 Greatest Support 165 | 26 26 16 16 16 32 28 28 28 28 44 44 44 44 44 44 44 28 56 56 56 56 80 80 80 150 165 Greatest Overweight (x) 8 | . 1 1 1 1 4 2 2 2 2 2 1 1 3 3 3 4 4 2 2 2 3 3 5 8 6 1 Average Overweight (x) 1 | . . 1 1 1 1 2 2 2 2 1 1 1 1 3 2 2 4 2 2 2 2 2 2 2 2 . Largest Inventory Capacity 25 | 8 20 15 15 15 20 20 20 20 20 20 20 20 25 25 25 25 25 25 25 25 25 25 25 20 20 20 Average Capacity 21 | 8 14 15 15 15 19 20 20 20 20 20 20 20 20 25 25 25 25 25 25 25 25 25 22 20 20 19 Most Carried 25 | 6 7 8 11 12 20 20 20 19 20 20 20 20 24 25 25 25 25 25 25 25 25 25 25 20 18 17 Average Carried 18 | 4 4 6 9 11 15 19 18 19 19 17 20 19 20 24 24 23 24 24 24 24 23 24 19 18 14 13 Final Capacity 25 | 8 15 15 15 15 20 20 20 20 20 20 20 20 25 25 25 25 25 25 25 25 25 25 20 20 20 5 Final Carried 25 | 4 6 7 11 11 20 20 19 19 20 20 20 20 24 25 24 25 25 25 25 25 25 24 20 16 11 4 Class Distribution -------------------- 62% | Scavenger-Gunner 10% | Mutant 9% | Gunner 7% | Scavenger-Tank 4% | Tank Dominant Class ---------------- Mutant | -10/Materials Mutant | -10/Mines Mutant | -10/Exiles Mutant | -9/Mines Tank | -8/Materials Skirmisher | -7/Factory Gunner | -7/Waste Gunner | -7/Factory Gunner | -7/DSF Gunner | -6/Factory Scavenger-Gunner | -6/Waste Scavenger-Gunner | -6/Factory Scavenger-Mutant | -5/Factory Scavenger-Gunner | -5/Upper Caves Scavenger-Gunner | -5/Upper Caves Scavenger-Gunner | -5/Warlord Scavenger-Gunner | -4/Proximity Caves Scavenger-Gunner | -4/Factory Scavenger-Gunner | -4/Waste Scavenger-Gunner | -4/Factory Scavenger-Gunner | -3/Research Scavenger-Gunner | -3/Testing Scavenger-Gunner | -2/Research Scavenger-Gunner | -2/Quarantine Scavenger-Gunner | -2/Protoforge Scavenger-Gunner | -1/Access Resources | -11 -10 -10 -10 -9 -8 -7 -7 -7 -7 -6 -6 -6 -5 -5 -5 -5 -4 -4 -4 -4 -3 -3 -2 -2 -2 -1 ----------- Run | Yrd Mat Min Exi Min Mat Fac Was Fac DSF Fac Was Fac Fac Upp Upp War Pro Fac Was Fac Res Tes Res Qua Frg Acc Matter Collected 17718 | 245 210 105 . 111 1866 76 635 . 55 250 474 560 303 203 . 1272 309 452 280 874 810 1078 3556 1593 1489 912 Remotely 4306 | . . . . . . . . . . . 210 64 . . . 376 190 . 188 . 284 . 1896 847 251 . Salvage Created 30760 | 89 353 65 . 13 2287 162 1643 . 145 524 1644 564 357 267 24 1932 592 897 1488 1089 1022 1707 5304 2505 2869 3218 Parts 1385 | . 27 15 . 3 120 10 20 . 11 18 34 44 14 9 12 77 27 48 26 65 56 96 242 106 140 165 Haulers Intercepted 15 | . 1 . . . 5 . . . . 2 . 1 . . . . . 1 . . . . 2 1 . 2 Recyclers Shooed 16 | 2 . . . . . . . . . 2 . . 1 . . . . . . 1 2 . 4 4 . . Parts Field Recycled . | . . . . . . . . . . . . . . . . . . . . . . . . . . . Retrieved Matter . | . . . . . . . . . . . . . . . . . . . . . . . . . . . Parts Self-Destructed 37 | . . . . . . . . . . . . . . 9 1 . 27 . . . . . . . . . Prevented 4 | . . . . . . . . . . . . . . . 4 . . . . . . . . . . . Parts Restored 1 | . . . . . . . . . . . . . . . . . . . . . 1 . . . . . Broken 1 | . . . . . . . . . . . . . . . . . . . . . 1 . . . . . Kills | -11 -10 -10 -10 -9 -8 -7 -7 -7 -7 -6 -6 -6 -5 -5 -5 -5 -4 -4 -4 -4 -3 -3 -2 -2 -2 -1 ------- Run | Yrd Mat Min Exi Min Mat Fac Was Fac DSF Fac Was Fac Fac Upp Upp War Pro Fac Was Fac Res Tes Res Qua Frg Acc Combat Hostiles Destroyed 358 | . 13 6 . 2 40 4 6 . 3 1 6 10 5 5 2 28 11 10 5 20 9 16 56 23 48 29 Melee 1 | . . . . . 1 . . . . . . . . . . . . . . . . . . . . . Guns 300 | . 13 4 . . 30 3 6 . 3 1 6 10 . 1 . 28 11 10 5 19 9 16 46 20 30 29 Cannons 17 | . . . . . 5 . . . . . . . . 4 . . . . . . . . 5 3 . . AOE 40 | . . 2 . 2 4 1 . . . . . . 5 . 2 . . . . 1 . . 5 . 18 . Classes Destroyed 27 | 1 3 1 . . 9 . 1 . . . 1 2 . . 1 6 . . . . . 1 . 1 . . Worker 40 | . . 1 . . 7 . . . . . . 2 1 . . . . . . . 4 3 10 2 5 5 Builder 17 | . . . . . 1 . . . . . . 2 . . . . . 1 . . 1 1 6 2 2 1 Tunneler 2 | . . . . . . . . . . . . 1 1 . . . . . . . . . . . . . Hauler 15 | . 1 . . . 5 . . . . 2 . 1 . . . . . 1 . . . . 2 1 . 2 Recycler 23 | 1 . . . . 1 . . . . 2 . . 2 . . . . . . . 2 3 8 3 . 1 Mechanic 2 | . . . . . . . . . . . . . . . . 1 . . . . . . . . 1 . Operator 6 | . . . . . 1 . . . . . . . . . . . . . . 1 . 2 1 . . 1 Watcher 12 | . . . . . 1 . . . . . . . 1 . . . . . . . 1 2 3 1 2 1 Swarmer 74 | . 9 6 . 2 4 . . . 2 . . 6 5 . . 2 5 . . 5 . 4 12 3 9 . Saboteur 6 | . . . . . . . . . . . . . . . . 1 . . . . . . 1 . 2 2 Grunt 104 | . 4 . . . 21 4 . . . . . . . 3 . 7 4 3 . 4 2 4 12 4 17 15 Brawler 7 | . . . . . 1 . . . . . . . . . . 2 1 1 . . . . . . 1 1 Duelist 7 | . . . . . 1 . . . . . . . . 1 . 1 . . . . . . 1 1 2 . Protector 2 | . . . . . . . . . . . . . . . . 2 . . . . . . . . . . Researcher 4 | . . . . . . . . . . . . . . . . . . . . . . 2 . 2 . . Sentry 28 | . . . . . 9 . . . . . . 1 . 1 . . 1 2 . 3 2 . 5 . 3 1 Specialist 5 | . . . . . 2 . . . . . . . . . . 2 . . . . . . . . . 1 Hunter 34 | . . . . . 1 . . . . . . . . . . 4 . 4 . 2 . . 9 6 3 5 Programmer 57 | . . . . . . . . . . . . 2 . . . 1 . . . 6 5 8 15 8 8 4 Heavy 4 | . . . . . 1 . . . 1 1 . 1 . . . . . . . . . . . . . . Behemoth 3 | . . . . . . . . . . . . . . . . 1 . . . . . . 1 . 1 . Compactor 17 | . . . . . . . 6 . . . 6 . . . . . . . 5 . . . . . . . Hotshot 2 | . . . . . . . . . . . . . . . . . . . . . . . . . 2 . Striker 1 | . . . . . . . . . . . . . . . . 1 . . . . . . . . . . Executioner 4 | . . . . . . . . . . . . . . . . 4 . . . . . . . . . . Fortress 1 | . . . . . . . . . . . . . . . . . . . . . . . . 1 . . Master Thief 2 | . . . . . . . . . . . . . . . 2 . . . . . . . . . . . Thug 1 | . . . . . . . . . . . . . . . . 1 . . . . . . . . . . Martyr 1 | . . . . . . . . . . . 1 . . . . . . . . . . . . . . . Marauder 1 | . . . . . . . . . . . . . . . . 1 . . . . . . . . . . Best Kill Streak 12 | 1 3 4 . 2 12 3 2 . 2 2 3 4 6 3 2 10 7 4 5 5 5 5 12 5 10 11 Combat Bots Only 10 | . 3 3 . 2 9 3 2 . 2 1 3 4 5 3 2 9 7 4 5 5 2 4 6 4 8 10 Max Kills in Single Turn 5 | 1 2 3 . 2 5 1 1 . 1 1 1 1 3 1 2 2 2 2 1 2 2 2 3 2 4 3 Gunslinging 2 | . 1 . . . . . . . . . . . . . . . 1 . . 1 . 1 1 . . 2 Exploded 4 | . . 2 . 2 4 1 . . . . . . 3 . 2 . . . . 1 . . 3 . 4 . Melee 1 | . . . . . 1 . . . . . . . . . . . . . . . . . . . . . Uniques/NPCs Destroyed . | . . . . . . . . . . . . . . . . . . . . . . . . . . . Combat | -11 -10 -10 -10 -9 -8 -7 -7 -7 -7 -6 -6 -6 -5 -5 -5 -5 -4 -4 -4 -4 -3 -3 -2 -2 -2 -1 -------- Run | Yrd Mat Min Exi Min Mat Fac Was Fac DSF Fac Was Fac Fac Upp Upp War Pro Fac Was Fac Res Tes Res Qua Frg Acc Hostile Shots Fired 2277 | . 49 11 . 2 157 4 . . 1 2 . 26 15 25 5 26 12 43 . 91 44 71 530 281 308 574 Missed 598 | . 14 2 . 2 42 1 . . . . . 9 4 10 2 6 2 10 . 16 11 10 97 70 77 213 Hits 1679 | . 35 9 . . 115 3 . . 1 2 . 17 11 15 3 20 10 33 . 75 33 61 433 211 231 361 Melee 14 | . . . . . . . . . . . . . . 1 3 . . 1 . . . . 5 4 . . Projectile 1665 | . 35 9 . . 115 3 . . 1 2 . 17 11 14 . 20 10 32 . 75 33 61 428 207 231 361 AOE 3 | . . . . . . . . . . . . . . . . 3 . . . . . . . . . . Critical Strikes 81 | . 1 . . . 9 . . . . . . . . . . 1 . 2 . . 1 3 21 15 14 14 Actively Blocked 18 | . . . . . . . . . . . . . . . . . . . . . . . 3 10 5 . Part Disruptions 5 | . . . . . . . . . . . . . . . . . . . . . 1 . 2 . 2 . Damage Taken 30922 | . 303 75 . 24 2009 120 . . 17 100 . 125 219 301 187 592 154 694 . 1514 787 993 6700 4506 5428 6074 Core 3454 | . 53 10 . . 337 16 . . . 37 . 20 25 27 77 . 28 113 . 165 80 68 355 279 210 1554 Absorbed by Shields 7598 | . . . . . . . . . . . . 40 . 18 . . . . . . . 340 3030 1460 1400 1310 Reduced by Siege Mode 1269 | . . . . . . . . . . . . . . . . 36 . 18 . 56 59 119 310 426 245 . Redirected to Core 245 | . . . . . . . . . . . . . . . . . . . . . . . . 115 40 90 Redirected to Shielding 323 | . . . . . 5 . . . . . . 2 . . . . . . . . . . . . 222 94 Regen/Repaired (Parts) 8936 | . . . . . . . . . . . . 62 . . . 57 . 501 . 721 . 433 3012 2362 1788 . Core Remaining (%) 69 | 100 . . . 74 38 . . . 97 . . 93 . . . . 84 . . 75 . 88 . . 41 2 Volleys Fired 924 | 7 31 6 2 1 128 6 31 . 3 10 26 25 10 14 5 64 16 30 14 36 25 36 133 119 87 59 Largest 4 | 2 2 2 2 1 4 4 1 . 1 1 1 1 1 3 3 1 4 4 4 4 4 4 4 4 4 4 Hottest 312 | 40 40 40 70 33 121 103 60 . 60 60 60 60 60 173 173 60 152 80 80 152 152 152 244 244 312 197 Shots Fired 2642 | 14 62 11 4 1 439 24 31 . 3 10 27 29 10 36 7 64 19 120 56 141 99 137 487 339 258 214 Gun 2476 | 14 62 10 4 . 402 24 31 . 3 10 27 29 . 14 1 64 19 120 56 141 99 137 458 299 244 208 Cannon 138 | . . . . . 35 . . . . . . . 7 22 2 . . . . . . . 27 40 . 5 Launcher 28 | . . 1 . 1 2 . . . . . . . 3 . 4 . . . . . . . 2 . 14 1 Special . | . . . . . . . . . . . . . . . . . . . . . . . . . . . Kinetic 2105 | 14 62 10 2 . 363 24 31 . 3 10 27 29 . 25 2 64 19 120 56 141 99 137 458 221 83 105 Thermal 509 | . . . 2 . 74 . . . . . . . 7 11 1 . . . . . . . 27 118 161 108 Explosive 28 | . . 1 . 1 2 . . . . . . . 3 . 4 . . . . . . . 2 . 14 1 Electromagnetic . | . . . . . . . . . . . . . . . . . . . . . . . . . . . Robot Hit Streak 41 | 7 4 2 . . 18 12 28 . 29 6 10 5 7 15 11 36 7 24 14 17 19 15 24 41 29 36 Robot Miss Streak 7 | 2 2 1 . . 3 1 2 . 3 2 4 6 1 3 3 7 2 5 2 7 2 4 6 3 2 3 Penetration Max 2 | . . . . . . . . . . . . . . . . . . . . 1 2 1 2 2 2 1 Secondary Targets 50 | . 2 . . . 3 . . . . . . . . . . . 1 1 2 3 . 5 12 3 10 8 Max Gunslinging Chain 2 | . 1 . . . 1 . . . . . . . . . . . 1 1 1 1 . 2 2 1 1 2 Shots Hit Robots 1900 | 11 36 6 . . 287 18 31 . 3 10 26 27 11 25 2 63 19 86 43 87 62 97 337 259 201 153 Core Hits 1105 | 2 18 7 . 2 118 7 22 . 4 11 28 22 14 11 3 84 22 49 21 44 34 52 186 141 117 86 Critical Kills 28 | . . . . . . . . . . . . . . . . . . . . 1 . 6 6 2 3 10 Critical Parts Destroyed 28 | . 1 . . . 1 . . . . . . . . . . . . . . . . 2 7 6 7 4 Critical Strikes 70 | . 1 . . . 3 . . . . . . 1 . 3 . . . . . 1 . 8 15 12 12 14 Burn 4 | . . . . . 2 . . . . . . . . . . . . . . . . . . . 2 . Destroy 59 | . 1 . . . 1 . . . . . . . . . . . . . . 1 . 8 13 11 10 14 Blast 6 | . . . . . . . . . . . . . . 3 . . . . . . . . 2 1 . . Sever 1 | . . . . . . . . . . . . 1 . . . . . . . . . . . . . . Melee Attacks 32 | . . . . . 4 1 . . . . . 8 3 . . . . . . . 1 9 6 . . . Impact . | . . . . . . . . . . . . . . . . . . . . . . . . . . . Slashing 32 | . . . . . 4 1 . . . . . 8 3 . . . . . . . 1 9 6 . . . Piercing . | . . . . . . . . . . . . . . . . . . . . . . . . . . . Sneak Attacks 5 | . . . . . . . . . . . . 3 2 . . . . . . . . . . . . . Combat Hostiles . | . . . . . . . . . . . . . . . . . . . . . . . . . . . Follow-up Attacks . | . . . . . . . . . . . . . . . . . . . . . . . . . . . Damage Inflicted 64243 | 147 457 221 . 110 4907 500 2527 . 154 611 1977 1183 702 709 417 4377 961 1627 905 2515 2512 3119 11064 6468 10844 5229 Guns 53104 | 147 457 63 . . 4038 326 2527 . 154 611 1977 917 . 144 . 4377 961 1627 905 2269 2512 3119 9483 5401 5997 5092 Cannons 3189 | . . . . . 544 . . . . . . . 158 565 . . . . . . . . 813 1067 . 42 Explosions 7364 | . . 158 . 110 280 174 . . . . . . 415 . 417 . . . . 246 . . 717 . 4847 . Melee 480 | . . . . . 34 . . . . . . 266 129 . . . . . . . . . 51 . . . Ramming 106 | . . . . . 11 . . . . . . . . . . . . . . . . . . . . 95 Kinetic 46306 | 147 457 63 . . 3911 326 2527 . 154 611 1977 917 . 378 . 4377 961 1627 905 2269 2512 3119 9685 4188 2600 2595 Thermal 10407 | . . . . . 671 174 . . . . . . 158 331 . . . . . 246 . . 611 2280 3397 2539 Explosive 6832 | . . 158 . 110 280 . . . . . . . 415 . 417 . . . . . . . 605 . 4847 . Electromagnetic 112 | . . . . . . . . . . . . . . . . . . . . . . . 112 . . . Impact . | . . . . . . . . . . . . . . . . . . . . . . . . . . . Slashing 480 | . . . . . 34 . . . . . . 266 129 . . . . . . . . . 51 . . . Piercing . | . . . . . . . . . . . . . . . . . . . . . . . . . . . Highest Corruption 24 | . 1 1 1 1 . . . . . . 17 18 . . . 1 1 . 13 19 5 11 11 11 24 6 Average Corruption 8 | . 1 1 1 1 . . . . . . 11 16 . . . 1 1 . 8 16 4 6 7 6 13 2 Corruption Purged 21 | . . . . . . . . . . . . 5 . . . . . . . . . . . . 10 6 Corruption Blocked . | . . . . . . . . . . . . . . . . . . . . . . . . . . . Effects 344 | . 1 6 2 4 . . . . . . 7 54 . . . . 2 . 4 65 14 40 54 35 55 1 Message Errors 79 | . . 3 1 . . . . . . . 1 14 . . . . . . 1 14 1 9 11 9 14 1 Matter Fused 73 | . . . 1 . . . . . . . 2 14 . . . . 1 . 1 13 3 10 10 7 11 . Heat Flow Errors 41 | . 1 . . 1 . . . . . . 1 7 . . . . 1 . 1 7 2 4 7 4 5 . Energy Discharges 45 | . . 2 . 1 . . . . . . . 6 . . . . . . 1 5 4 8 6 6 6 . Parts Rejected 5 | . . . . . . . . . . . . . . . . . . . . . . . 2 1 2 . Parts Fused 7 | . . . . 1 . . . . . . . . . . . . . . . 2 . 2 . . 2 . Data Loss (minor) 31 | . . 1 . . . . . . . . 2 5 . . . . . . . 8 1 2 8 1 3 . Data Loss (major) 20 | . . . . . . . . . . . . 3 . . . . . . . 7 1 3 3 2 1 . Misfires 11 | . . . . . . . . . . . 1 4 . . . . . . . 2 . . 2 1 1 . Alerts 9 | . . . . 1 . . . . . . . 1 . . . . . . . 1 1 . 1 1 3 . Misdirections 1 | . . . . . . . . . . . . . . . . . . . . 1 . . . . . . Weapon Failures 22 | . . . . . . . . . . . . . . . . . . . . 5 1 2 4 3 7 . Overload Shots . | . . . . . . . . . . . . . . . . . . . . . . . . . . . Overflow Damage 928 | . . 10 . . . . . . . . . 24 85 23 104 . . . . . . . 143 37 502 . Projectiles 92 | . . . . . . . . . . . . . 23 23 . . . . . . . . 9 37 . . Explosions 783 | . . 10 . . . . . . . . . . 33 . 104 . . . . . . . 134 . 502 . Melee 53 | . . . . . . . . . . . . 24 29 . . . . . . . . . . . . . Knockbacks 17 | . . . . . 5 . . . . . . . . 2 . . . . . . . . 3 7 . . Impact . | . . . . . . . . . . . . . . . . . . . . . . . . . . . Kinetic 14 | . . . . . 3 . . . . . . . . 2 . . . . . . . . 3 6 . . Secondary 3 | . . . . . 2 . . . . . . . . . . . . . . . . . . 1 . . Self-Inflicted Damage 817 | . . . . 24 17 72 . . . . . . 63 . 185 . . . . 100 . . 23 . 333 . Shots 15 | . . . . 1 1 1 . . . . . . 1 . 4 . . . . 1 . . 1 . 5 . Rammed 2 | . . . . . 2 . . . . . . . . . . . . . . . . . . . . . Targets Rammed 5 | . . . . . 2 . . . . . . . . . . . . . . . . . . . . 3 Kicked 3 | . . . . . . . . . . . . . . . . . . . . . . . . . . 3 Crushed . | . . . . . . . . . . . . . . . . . . . . . . . . . . . Highest Temperature 414 | 6 267 . . 136 304 110 80 . . 20 35 229 . 99 . 117 126 48 256 414 172 229 386 229 329 21 Average Temperature 68 | 6 147 . . 76 65 48 30 . . 9 13 55 . 35 . 34 45 24 113 99 68 65 82 107 116 14 Received Heat Transfer 3171 | . 66 . . . 819 27 . . . 9 . 6 . 99 . 18 21 36 . 144 94 45 416 276 882 213 Effects 6 | . . . . . 4 . . . . . . . . . . . . . . 1 . . 1 . . . Shutdowns 1 | . . . . . . . . . . . . . . . . . . . . 1 . . . . . . Energy Bleed 1 | . . . . . . . . . . . . . . . . . . . . . . . 1 . . . Interference 4 | . . . . . 4 . . . . . . . . . . . . . . . . . . . . . Siege Activations 81 | . . . . . . . . . . . . . . . . 5 2 2 . 8 8 9 25 10 12 . Total Turns 1318 | . . . . . . . . . . . . . . . . 87 5 36 . 74 94 85 506 250 181 . Longest Duration 77 | . . . . . . . . . . . . . . . . 34 4 26 . 24 35 18 77 67 38 . Martial Activations . | . . . . . . . . . . . . . . . . . . . . . . . . . . . Shielding Activations . | . . . . . . . . . . . . . . . . . . . . . . . . . . . Robots Disrupted . | . . . . . . . . . . . . . . . . . . . . . . . . . . . Combat Hostiles . | . . . . . . . . . . . . . . . . . . . . . . . . . . . Robots Corrupted . | . . . . . . . . . . . . . . . . . . . . . . . . . . . Combat Hostiles . | . . . . . . . . . . . . . . . . . . . . . . . . . . . Parts Fried 1 | . . . . . . . . . . . . . . . . . . . . . . . 1 . . . Impact Corruptions . | . . . . . . . . . . . . . . . . . . . . . . . . . . . Robots Melted . | . . . . . . . . . . . . . . . . . . . . . . . . . . . Combat Hostiles . | . . . . . . . . . . . . . . . . . . . . . . . . . . . Parts Melted 17 | . . . . . 2 . . . . . . . . . . 3 . . . . . . . . 2 10 Heat Transferred 13932 | . . . . . 2109 150 . . . . . . 259 500 . . . . . 200 . . 629 2778 4329 2978 Parts Sabotaged 3 | . . . . . . . . . . . . . . . . . . . . . . . . 3 . . Parts Stolen 2 | . . . . . . . . . . . . . . . 2 . . . . . . . . . . . Parts Stripped . | . . . . . . . . . . . . . . . . . . . . . . . . . . . Power Chain Reactions 1 | . . . . . . . . . . . . . . . . . . . . . . . 1 . . . Alert | -11 -10 -10 -10 -9 -8 -7 -7 -7 -7 -6 -6 -6 -5 -5 -5 -5 -4 -4 -4 -4 -3 -3 -2 -2 -2 -1 ------- Run | Yrd Mat Min Exi Min Mat Fac Was Fac DSF Fac Was Fac Fac Upp Upp War Pro Fac Was Fac Res Tes Res Qua Frg Acc Maximum Alert Level 5 | . 1 . . . 2 1 . . 1 2 . 1 . . . . . . . 1 1 1 4 4 5 4 Low Security (%) 54 | 100 86 100 . 100 70 29 100 100 37 70 100 98 100 . . . . 100 100 47 87 54 22 . . . Level 1 14 | . 13 . . . 19 70 . . 62 18 . 1 . . . . . . . 52 12 45 9 . . . Level 2 5 | . . . . . 10 . . . . 10 . . . . . . . . . . . . 20 . 19 . Level 3 15 | . . . . . . . . . . . . . . . . . . . . . . . 26 75 29 74 Level 4 9 | . . . . . . . . . . . . . . . . . . . . . . . 21 24 41 25 Level 5 . | . . . . . . . . . . . . . . . . . . . . . . . . . 9 . High Security . | . . . . . . . . . . . . . . . . . . . . . . . . . . . Max Security . | . . . . . . . . . . . . . . . . . . . . . . . . . . . Sterilizations 1 | . . . . . . . . . 1 . . . . . . . . . . . . . . . . . Peak Influence 1630 | 5 215 83 . 58 521 279 94 5 380 601 192 245 168 . . . . 173 30 332 217 342 1533 1203 1630 1459 Initial 957 | . 3 70 . . 14 232 94 . 3 199 192 59 29 . . . . 60 30 . 163 80 182 859 660 957 Average 387 | 1 104 22 . 6 165 212 30 3 208 228 140 82 56 . . . . 115 7 176 153 144 684 986 1088 1037 Influence Increases 12276 | 5 383 153 . 58 1199 167 1 5 400 602 3 602 190 110 . 700 240 313 . 761 340 677 2103 832 1527 905 Destroy 0b10 Robot/C 7120 | . 260 120 . 40 800 80 . . 160 140 . 280 100 100 . 520 220 200 . 400 180 360 1120 500 960 580 Destroy 0b10 Robot/NC 650 | 5 5 5 . . 80 . . . 15 60 . 30 25 . . 15 . 10 . 5 40 55 150 45 50 55 Destroy Leader 1292 | . 52 20 . 10 212 20 . . 20 52 . 72 12 10 . . 20 52 . 90 52 54 220 74 154 96 Allied During Kill 506 | . . . . . . . . . 195 249 . 62 . . . . . . . . . . . . . . Successful Hack 267 | . 19 . . . 39 12 . 5 . . . 23 . . . . . 17 . 23 48 29 40 12 . . Select Force Hacks 30 | . 30 . . . . . . . . . . . . . . . . . . . . . . . . . Disable Machine 720 | . . . . . 15 45 . . . 45 . 90 15 . . . . 15 . 105 . 90 90 75 105 30 Anti-Garrison Action 150 | . . . . . . . . . . . . . . . . . . . . . . . 150 . . . Destroy Structure 926 | . 2 8 . 8 23 10 1 . 10 56 3 15 38 . . . . 4 . 138 20 44 183 51 228 84 Partial Spotted 15 | . . . . . 15 . . . . . . . . . . . . . . . . . . . . . Lose Combat Pursuer 600 | . 15 . . . 15 . . . . . . 30 . . . 165 . 15 . . . 45 150 75 30 60 Influence Decreases 11078 | . 205 336 . 20 725 410 270 . 25 431 469 626 237 86 38 146 698 322 87 449 509 496 898 1186 1105 1304 Entered New Map 4034 | . 2 113 . . 24 280 175 . 2 181 359 26 32 6 8 . 554 36 57 . 149 63 142 670 515 640 Time Decay 6173 | . 203 223 . 20 613 130 95 . . 160 90 490 205 80 30 146 144 286 30 449 350 423 646 486 470 404 Lost Part 574 | . . . . . 34 . . . . . . . . . . . . . . . 10 10 110 30 120 260 Lost Ally 243 | . . . . . . . . . 23 90 20 110 . . . . . . . . . . . . . . Purge Threat 54 | . . . . . 54 . . . . . . . . . . . . . . . . . . . . . Squads Dispatched 83 | . 5 . . . 8 3 . . 1 4 . 3 . . . . . 3 . 4 4 5 18 7 9 9 Investigation 13 | . 3 . . . 3 2 . . . . . . . . . . . 1 . 1 . . 3 . . . Extermination 26 | . . . . . . . . . . . . 2 . . . . . 2 . 3 2 3 6 2 3 3 Reinforcement 28 | . 2 . . . 4 . . . 1 4 . 1 . . . . . . . . 2 1 5 2 2 4 Assault 13 | . . . . . 1 . . . . . . . . . . . . . . . . . 3 3 4 2 Garrison 3 | . . . . . . 1 . . . . . . . . . . . . . . . 1 1 . . . Intercept . | . . . . . . . . . . . . . . . . . . . . . . . . . . . Searches Triggered . | . . . . . . . . . . . . . . . . . . . . . . . . . . . Construction Impeded 4 | . . . . . . . . . . 1 . . . . . . . . . . 1 . . 1 . 1 Haulers Reinforced 5 | . . . . . . . . . . 1 . . . . . . . . . . 1 . 2 . . 1 Active Scanning Responses . | . . . . . . . . . . . . . . . . . . . . . . . . . . . Cargo Convoy Interrupts . | . . . . . . . . . . . . . . . . . . . . . . . . . . . Stealth | -11 -10 -10 -10 -9 -8 -7 -7 -7 -7 -6 -6 -6 -5 -5 -5 -5 -4 -4 -4 -4 -3 -3 -2 -2 -2 -1 --------- Run | Yrd Mat Min Exi Min Mat Fac Was Fac DSF Fac Was Fac Fac Upp Upp War Pro Fac Was Fac Res Tes Res Qua Frg Acc Distress Signals 29 | . 1 . . . 4 . . . . 3 . 1 1 . . 1 . 1 . . . . 5 5 4 3 Communications Jammed 33 | . . . . . . . . . . . . . . . . . . . . . 1 1 17 . 14 . Distress Signals 33 | . . . . . . . . . . . . . . . . . . . . . 1 1 17 . 14 . Times Spotted 523 | . 19 5 . 3 57 3 6 . 4 8 6 15 5 5 4 75 11 13 5 23 10 26 74 37 60 49 Peak Tracking Total 21 | . 4 3 9 3 9 3 2 . 2 4 2 4 6 3 4 21 4 4 3 5 2 5 7 6 8 11 Tactical Retreats 29 | . 1 . . . 1 . . . . . . 2 . . . 5 . 1 . . . 3 8 3 1 4 Traps | -11 -10 -10 -10 -9 -8 -7 -7 -7 -7 -6 -6 -6 -5 -5 -5 -5 -4 -4 -4 -4 -3 -3 -2 -2 -2 -1 ------- Run | Yrd Mat Min Exi Min Mat Fac Was Fac DSF Fac Was Fac Fac Upp Upp War Pro Fac Was Fac Res Tes Res Qua Frg Acc Traps Triggered 21 | . 3 . . . 6 1 . . . 1 . 3 . . . . . 2 . . 1 . 3 . 1 . Indirectly 1 | . . . . . . . . . . . . . . . . . . . . . . . 1 . . . Trap Hack Attempts . | . . . . . . . . . . . . . . . . . . . . . . . . . . . Triggered . | . . . . . . . . . . . . . . . . . . . . . . . . . . . Disarmed . | . . . . . . . . . . . . . . . . . . . . . . . . . . . Reprogrammed . | . . . . . . . . . . . . . . . . . . . . . . . . . . . Reused . | . . . . . . . . . . . . . . . . . . . . . . . . . . . Traps Extracted . | . . . . . . . . . . . . . . . . . . . . . . . . . . . Installed . | . . . . . . . . . . . . . . . . . . . . . . . . . . . Triggered . | . . . . . . . . . . . . . . . . . . . . . . . . . . . Machines | -11 -10 -10 -10 -9 -8 -7 -7 -7 -7 -6 -6 -6 -5 -5 -5 -5 -4 -4 -4 -4 -3 -3 -2 -2 -2 -1 ---------- Run | Yrd Mat Min Exi Min Mat Fac Was Fac DSF Fac Was Fac Fac Upp Upp War Pro Fac Was Fac Res Tes Res Qua Frg Acc Machines Disabled 57 | . . . 2 . 1 3 . . . 3 . 6 1 . . 1 . 1 . 7 . 8 7 6 9 2 Max in Single Turn 3 | . . . 1 . 1 3 . . . . . 2 1 . . 1 . 1 . 2 . 2 2 1 1 1 Garrison Access 4 | . . . . . 1 . . . . . . . 1 . . . . . . . . 1 1 . . . Machines Repaired . | . . . . . . . . . . . . . . . . . . . . . . . . . . . Machines Dismantled 1 | . . . . . . . . . . . . . . . . 1 . . . . . . . . . . Machines Sabotaged . | . . . . . . . . . . . . . . . . . . . . . . . . . . . Overloaded Fab Kills . | . . . . . . . . . . . . . . . . . . . . . . . . . . . Hacking | -11 -10 -10 -10 -9 -8 -7 -7 -7 -7 -6 -6 -6 -5 -5 -5 -5 -4 -4 -4 -4 -3 -3 -2 -2 -2 -1 --------- Run | Yrd Mat Min Exi Min Mat Fac Was Fac DSF Fac Was Fac Fac Upp Upp War Pro Fac Was Fac Res Tes Res Qua Frg Acc Machines Accessed 84 | . 5 . 2 . 14 3 . 1 . 2 . 6 4 1 . 4 . 5 . 8 3 9 11 3 1 2 Terminals 42 | . 4 . . . 10 1 . 1 . . . 4 2 . . . . 2 . 4 1 5 6 1 . 1 Fabricators 4 | . . . . . . . . . . 1 . . . . . . . . . 1 . 1 1 . . . Repair Stations 12 | . . . . . 1 2 . . . . . 1 1 . . . . 2 . 1 . 1 1 1 . 1 Recycling Units 1 | . 1 . . . . . . . . . . . . . . . . . . . . . . . . . Scanalyzers 12 | . . . . . 2 . . . . 1 . 1 . . . . . 1 . 2 1 1 1 1 1 . Garrison Access 6 | . . . . . 1 . . . . . . . 1 . . . . . . . 1 1 2 . . . Total Hacks 231 | . 15 . 2 . 47 9 . 2 . 4 . 15 7 1 . 6 . 22 . 30 5 23 33 7 1 2 Successful 106 | . 8 . 2 . 24 2 . 1 . 3 . 12 3 1 . 6 . 12 . 11 2 8 8 3 . . Failed 123 | . 6 . . . 22 7 . 1 . 1 . 3 4 . . . . 10 . 19 3 15 25 4 1 2 Catastrophic 35 | . . . . . 3 2 . . . . . 1 1 . . . . 3 . 6 2 3 13 . . 1 Database Lockouts 2 | . 1 . . . 1 . . . . . . . . . . . . . . . . . . . . . Manual 60 | . 11 . 1 . 22 3 . . . . . 2 . . . . . 1 . 11 . . 8 1 . . Terminals 103 | . 14 . . . 33 2 . 2 . . . 5 4 . . . . 3 . 13 2 8 14 2 . 1 Fabricators 14 | . . . . . . . . . . 2 . . . . . . . . . 4 . 5 3 . . . Repair Stations 45 | . . . . . 3 7 . . . . . 4 2 . . . . 8 . 9 . 4 4 3 . 1 Recycling Units 1 | . 1 . . . . . . . . . . . . . . . . . . . . . . . . . Scanalyzers 49 | . . . . . 10 . . . . 2 . 6 . . . . . 11 . 4 2 5 6 2 1 . Garrison Access 10 | . . . . . 1 . . . . . . . 1 . . . . . . . 1 1 6 . . . Terminal Hacks 33 | . 4 . 2 . 11 . . 1 . . . 2 1 1 . 6 . . . 1 . 1 2 1 . . Record 6 | . . . 1 . . . . . . . . . . . . 5 . . . . . . . . . . Prototype ID Bank 5 | . 3 . . . 2 . . . . . . . . . . . . . . . . . . . . . Open Door 3 | . . . . . . . . . . . . . . 1 . 1 . . . . . 1 . . . . Open DSF 2 | . . . . . . . . 1 . . . . 1 . . . . . . . . . . . . . Branch Access Points 1 | . . . . . . . . . . . . . . . . . . . . . . . 1 . . . Repair Station Index 1 | . . . . . 1 . . . . . . . . . . . . . . . . . . . . . Scanalyzer Index 1 | . . . . . . . . . . . . . . . . . . . . 1 . . . . . . Alert Level 5 | . . . . . 1 . . . . . . 2 . . . . . . . . . . 1 1 . . Unreport Threat 2 | . . . . . 2 . . . . . . . . . . . . . . . . . . . . . Locate Traps 2 | . 1 . . . 1 . . . . . . . . . . . . . . . . . . . . . Disarm Traps 1 | . . . . . 1 . . . . . . . . . . . . . . . . . . . . . Recall Investigation 1 | . . . . . 1 . . . . . . . . . . . . . . . . . . . . . Recall Reinforcements 1 | . . . . . 1 . . . . . . . . . . . . . . . . . . . . . Zone Layout 1 | . . . . . 1 . . . . . . . . . . . . . . . . . . . . . Proto ID Catalog 1 | . . . 1 . . . . . . . . . . . . . . . . . . . . . . . Fabricator Hacks 6 | . . . . . . . . . . 2 . . . . . . . . . 2 . 1 1 . . . Load Schematic 4 | . . . . . . . . . . 1 . . . . . . . . . 1 . 1 1 . . . Build 2 | . . . . . . . . . . 1 . . . . . . . . . 1 . . . . . . Repair Station Hacks 23 | . . . . . 1 2 . . . . . 4 1 . . . . 5 . 4 . 4 1 1 . . Scan Component 16 | . . . . . 1 2 . . . . . 2 1 . . . . 3 . 3 . 2 1 1 . . Repair 7 | . . . . . . . . . . . . 2 . . . . . 2 . 1 . 2 . . . . Recycling Unit Hacks . | . . . . . . . . . . . . . . . . . . . . . . . . . . . Scanalyzer 24 | . . . . . 5 . . . . 1 . 5 . . . . . 7 . . 2 1 2 1 . . Insert Component 7 | . . . . . 2 . . . . 1 . 1 . . . . . 1 . . 1 . 1 . . . Analyze 10 | . . . . . 2 . . . . . . 1 . . . . . 6 . . 1 . . . . . Retrieve Study 7 | . . . . . 1 . . . . . . 3 . . . . . . . . . 1 1 1 . . Garrison Access Hacks 3 | . . . . . 1 . . . . . . . 1 . . . . . . . . 1 . . . . Seal Access 3 | . . . . . 1 . . . . . . . 1 . . . . . . . . 1 . . . . Unauthorized Hacks 17 | . 4 . . . 6 . . . . . . 1 . . . . . . . 4 . . 2 . . . Terminals 15 | . 3 . . . 6 . . . . . . 1 . . . . . . . 3 . . 2 . . . Assimilate 1 | . . . . . . . . . . . . 1 . . . . . . . . . . . . . . Botnet 13 | . 3 . . . 5 . . . . . . . . . . . . . . 3 . . 2 . . . Disrupt 1 | . . . . . 1 . . . . . . . . . . . . . . . . . . . . . Fabricators . | . . . . . . . . . . . . . . . . . . . . . . . . . . . Repair Stations 1 | . . . . . . . . . . . . . . . . . . . . 1 . . . . . . Patch 1 | . . . . . . . . . . . . . . . . . . . . 1 . . . . . . Recycling Units 1 | . 1 . . . . . . . . . . . . . . . . . . . . . . . . . Tunnel 1 | . 1 . . . . . . . . . . . . . . . . . . . . . . . . . Scanalyzers . | . . . . . . . . . . . . . . . . . . . . . . . . . . . Garrison Access . | . . . . . . . . . . . . . . . . . . . . . . . . . . . Data Cores Recovered 4 | . . . . . 1 . . . . . . . . . . . . . . 1 . 2 . . . . Used 1 | . . . . . . . . . . . . . . . . . . . . . . 1 . . . . Hacking Detections 67 | . 3 . . . 11 3 . . . 1 . 6 3 . . . . 5 . 8 3 7 11 3 1 2 Full Trace Events 8 | . . . . . 2 2 . . . . . . . . . . . 1 . . . . 3 . . . Feedback Events . | . . . . . . . . . . . . . . . . . . . . . . . . . . . Feedback Blocked . | . . . . . . . . . . . . . . . . . . . . . . . . . . . Robot Schematics Acquired 4 | . . . . . . . . . . . . . . . . . . . . . . 2 . 2 . . Robots Built . | . . . . . . . . . . . . . . . . . . . . . . . . . . . Authchips . | . . . . . . . . . . . . . . . . . . . . . . . . . . . Time . | . . . . . . . . . . . . . . . . . . . . . . . . . . . Total Robot Build Rating . | . . . . . . . . . . . . . . . . . . . . . . . . . . . Part Schematics Acquired 11 | . . . . . 1 . . . . . . 1 . . . . . 1 . . 1 3 . 4 . . Parts Built 2 | . . . . . . . . . . 1 . . . . . . . . . 1 . . . . . . Authchips 2 | . . . . . . . . . . 1 . . . . . . . . . 1 . . . . . . Time 155 | . . . . . . . . . . 102 . . . . . . . . . 53 . . . . . . Total Part Build Rating 14 | . . . . . . . . . . 8 . . . . . . . . . 6 . . . . . . Part Studies Acquired 7 | . . . . . 1 . . . . . . 3 . . . . . . . . . 1 1 1 . . Parts Repaired 7 | . . . . . . . . . . . . 2 . . . . . 2 . 1 . 2 . . . . Time 431 | . . . . . . . . . . . . 112 . . . . . 140 . 103 . 76 . . . . Parts Recycled . | . . . . . . . . . . . . . . . . . . . . . . . . . . . Recycled Matter . | . . . . . . . . . . . . . . . . . . . . . . . . . . . Retrieved Matter . | . . . . . . . . . . . . . . . . . . . . . . . . . . . Retrieved Components . | . . . . . . . . . . . . . . . . . . . . . . . . . . . Parts Scanalyzed 6 | . . . . . 1 . . . . 1 . 1 . . . . . 1 . . 1 . 1 . . . Part Schematics Acquired 4 | . . . . . 1 . . . . . . 1 . . . . . 1 . . 1 . . . . . Parts Damaged 1 | . . . . . 1 . . . . . . . . . . . . . . . . . . . . . Bothacking | -11 -10 -10 -10 -9 -8 -7 -7 -7 -7 -6 -6 -6 -5 -5 -5 -5 -4 -4 -4 -4 -3 -3 -2 -2 -2 -1 ------------ Run | Yrd Mat Min Exi Min Mat Fac Was Fac DSF Fac Was Fac Fac Upp Upp War Pro Fac Was Fac Res Tes Res Qua Frg Acc Used RIF Installer . | . . . . . . . . . . . . . . . . . . . . . . . . . . . Robots Hacked . | . . . . . . . . . . . . . . . . . . . . . . . . . . . Non-combat . | . . . . . . . . . . . . . . . . . . . . . . . . . . . Combat . | . . . . . . . . . . . . . . . . . . . . . . . . . . . Robot Hacks Applied . | . . . . . . . . . . . . . . . . . . . . . . . . . . . Relay Couplers Released 3 | . . . . . . . . . . . . . . . . . . . . . . . 3 . . . Machine Destruction 3 | . . . . . . . . . . . . . . . . . . . . . . . 3 . . . Fabnet Peak Effective % . | . . . . . . . . . . . . . . . . . . . . . . . . . . . Robots Rewired . | . . . . . . . . . . . . . . . . . . . . . . . . . . . Allies Hacked . | . . . . . . . . . . . . . . . . . . . . . . . . . . . Hacks Repelled . | . . . . . . . . . . . . . . . . . . . . . . . . . . . Allies | -11 -10 -10 -10 -9 -8 -7 -7 -7 -7 -6 -6 -6 -5 -5 -5 -5 -4 -4 -4 -4 -3 -3 -2 -2 -2 -1 -------- Run | Yrd Mat Min Exi Min Mat Fac Was Fac DSF Fac Was Fac Fac Upp Upp War Pro Fac Was Fac Res Tes Res Qua Frg Acc Total Allies 21 | . . . . . . . 20 . . . 1 . . . . . . . . . . . . . . . Largest Group 20 | . . . . . . . 20 20 20 17 6 6 . . . . . . . . . . . . . . Highest-Rated Group 506 | . . . . . . . 506 506 506 464 180 176 . . . . . . . . . . . . . . Highest-Rated Ally 35 | . . . . . . . 35 35 35 35 35 31 . . . . . . . . . . . . . . Initial Warlord ECA Mod 9 | . . . . . . . . . . 9 9 9 8 8 8 8 7 7 7 7 6 6 5 5 5 4 Total Orders . | . . . . . . . . . . . . . . . . . . . . . . . . . . . Ally Attacks 139 | . . . . . . . 13 . 35 50 . 41 . . . . . . . . . . . . . . Total Damage 3228 | . . . . . . . 231 . 594 1695 . 708 . . . . . . . . . . . . . . Kills 25 | . . . . . . . . . 5 16 . 4 . . . . . . . . . . . . . . Allies Corrupted . | . . . . . . . . . . . . . . . . . . . . . . . . . . . Allies Melted 1 | . . . . . . . . . . . . 1 . . . . . . . . . . . . . . Intel | -11 -10 -10 -10 -9 -8 -7 -7 -7 -7 -6 -6 -6 -5 -5 -5 -5 -4 -4 -4 -4 -3 -3 -2 -2 -2 -1 ------- Run | Yrd Mat Min Exi Min Mat Fac Was Fac DSF Fac Was Fac Fac Upp Upp War Pro Fac Was Fac Res Tes Res Qua Frg Acc Active Infowar (turns) 9349 | . . 1 . . . 262 16 . . 318 . 1216 530 525 237 2 . 265 86 1107 775 1162 1437 788 42 580 Optics 2 | . . . . . . . . . . . . . . . . 2 . . . . . . . . . . Sensors 8727 | . . 1 . . . 262 16 . . 318 . 1216 530 525 237 . . 265 86 1106 708 1034 1269 710 42 402 Seismic 1 | . . . . . . . . . . . . . . . . . . . . 1 . . . . . . Spoofing 2 | . . . . . . . . . . . . . . . . . . . . . . . 2 . . . Jamming 2142 | . . . . . . . . . . . . . . . . . . . . . 633 835 402 78 16 178 Robot Analysis Total . | . . . . . . . . . . . . . . . . . . . . . . . . . . . Derelict Logs Recovered 5 | . . 2 . 1 . . . . . . . . . . . . 2 . . . . . . . . . Drone Launches . | . . . . . . . . . . . . . . . . . . . . . . . . . . . Drone Recoveries . | . . . . . . . . . . . . . . . . . . . . . . . . . . . Exploration | -11 -10 -10 -10 -9 -8 -7 -7 -7 -7 -6 -6 -6 -5 -5 -5 -5 -4 -4 -4 -4 -3 -3 -2 -2 -2 -1 ------------- Run | Yrd Mat Min Exi Min Mat Fac Was Fac DSF Fac Was Fac Fac Upp Upp War Pro Fac Was Fac Res Tes Res Qua Frg Acc Turns Passed 19632 | 37 592 809 284 286 2084 262 326 8 178 332 186 1287 530 533 266 1011 654 633 159 1318 798 1274 2351 1276 1184 974 Spaces Moved 11416 | 14 405 680 240 243 1238 181 187 3 109 199 98 947 408 334 187 566 401 302 100 762 424 684 1060 562 496 586 Core 30 | . . . . . . . . . . . . . . . . . . . . . . . . . . 30 Treads 40 | . 1 . . . 5 . . . . . . . . . . . . . . . . 27 4 3 . . Legs 613 | . . . . . . . . . . . . . . . . . . . . . . . . . 57 556 Wheels 10733 | 14 404 680 240 243 1233 181 187 3 109 199 98 947 408 334 187 566 401 302 100 762 424 657 1056 559 439 . Hover . | . . . . . . . . . . . . . . . . . . . . . . . . . . . Flight . | . . . . . . . . . . . . . . . . . . . . . . . . . . . Fastest Speed 50 | 90 90 115 115 115 95 130 130 130 130 115 115 105 105 135 120 120 150 120 120 120 113 113 109 112 107 50 Average Speed 121 | 90 113 115 115 115 117 130 130 130 130 124 115 107 111 135 133 123 150 120 120 120 118 125 123 128 130 113 Slowest Speed 330 | 90 160 115 115 115 330 130 130 130 130 130 115 115 135 135 135 150 150 120 120 120 130 250 250 250 210 180 Overloaded Moves . | . . . . . . . . . . . . . . . . . . . . . . . . . . . Propulsion Burnouts . | . . . . . . . . . . . . . . . . . . . . . . . . . . . Robots Hopped . | . . . . . . . . . . . . . . . . . . . . . . . . . . . Potential Cave-ins 2 | . . . . . . . . . . . . . . . . . . . . 2 . . . . . . Cave-ins Triggered . | . . . . . . . . . . . . . . . . . . . . . . . . . . . Exploration Rate (%) 47 | 3 77 95 60 80 94 4 85 . 92 6 75 32 8 58 38 59 66 10 68 23 12 66 29 56 15 16 Regions Visited 26 Branch Regions 10 Pre-discovered Areas 5 | . 1 1 1 1 . . . . . . . . . 1 . . . . . . . . . . . . Known Exits Taken 13 | . . . 1 . . . . 1 . . . 1 1 1 1 1 1 . . 1 1 1 1 1 . . Unknown Exits Taken 6 | 1 1 1 . 1 1 . . . . . . . . . . . . . . . . . . . 1 . Scrap Searched 5 | . . 1 . 1 . . . . . . . . . 1 . . 2 . . . . . . . . . Spaces Dug 45 | . . . . 10 2 1 . . . . . 6 1 . 10 . . . . . 1 8 5 . . 1 Terrain Destroyed 466 | . . 8 . 10 17 9 1 . . . 3 14 27 6 41 9 3 . . 80 10 28 67 11 89 33 Melee 21 | . . . . . 2 1 . . . . . 3 1 . . . . . . . 1 8 5 . . . Projectile 220 | . . . . . . . 1 . . . 3 11 . 6 3 9 3 . . 43 9 18 49 11 21 33 AOE 220 | . . 8 . 10 15 8 . . . . . . 26 . 38 . . . . 37 . . 10 . 68 . Terrain Rammed . | . . . . . . . . . . . . . . . . . . . . . . . . . . . Walls Destroyed . | . . . . . . . . . . . . . . . . . . . . . . . . . . . Machines Disabled . | . . . . . . . . . . . . . . . . . . . . . . . . . . . Actions | -11 -10 -10 -10 -9 -8 -7 -7 -7 -7 -6 -6 -6 -5 -5 -5 -5 -4 -4 -4 -4 -3 -3 -2 -2 -2 -1 --------- Run | Yrd Mat Min Exi Min Mat Fac Was Fac DSF Fac Was Fac Fac Upp Upp War Pro Fac Was Fac Res Tes Res Qua Frg Acc Total 15600 | 24 473 694 243 247 1629 198 274 7 147 283 168 1211 467 387 195 876 450 561 131 1100 645 983 1750 871 832 754 Wait 2245 | . 23 . . . 130 3 28 5 27 59 40 166 23 37 . 182 20 196 9 256 161 187 388 118 163 24 Move 11392 | 13 404 679 239 242 1237 181 186 2 108 199 97 946 407 333 186 565 400 302 99 761 423 683 1059 561 495 585 Hop . | . . . . . . . . . . . . . . . . . . . . . . . . . . . Pick Up 149 | . 2 2 1 . 25 2 8 . 3 2 . 10 7 1 1 10 . 5 1 11 4 6 19 8 8 13 Fast Attach 94 | . 2 . . . 24 . . . . 2 . 6 3 . . 7 4 3 1 1 1 4 11 8 13 4 Attach 90 | . . . . . 5 2 1 . . 2 . 8 4 . 1 7 4 2 . 5 5 1 11 7 14 11 Detach 62 | . 1 . . . 4 . . . . 1 . 4 1 . . 10 4 2 . 1 2 1 9 4 10 8 Swap 376 | 2 5 5 1 3 34 3 6 . 2 5 5 8 4 2 1 9 2 6 4 18 21 43 91 36 31 29 Drop 199 | 2 5 2 . 1 36 . 14 . 4 3 . 14 5 . 1 14 . 7 3 11 2 13 23 10 11 18 Fire 924 | 7 31 6 2 1 128 6 31 . 3 10 26 25 10 14 5 64 16 30 14 36 25 36 133 119 87 59 Melee 32 | . . . . . 4 1 . . . . . 8 3 . . . . . . . 1 9 6 . . . Ram 2 | . . . . . 2 . . . . . . . . . . . . . . . . . . . . . Kick 3 | . . . . . . . . . . . . . . . . . . . . . . . . . . 3 Crush . | . . . . . . . . . . . . . . . . . . . . . . . . . . . Escape Stasis 24 | . . . . . . . . . . . . 16 . . . . . 8 . . . . . . . . Rewire . | . . . . . . . . . . . . . . . . . . . . . . . . . . . Trap . | . . . . . . . . . . . . . . . . . . . . . . . . . . . Miscellaneous 8 | . . . . . . . . . . . . . . . . 8 . . . . . . . . . . Route ------- -11/Scrapyard -10/Materials (discovered 2 exits: [*Mat] / [*Min]) -10/Mines (discovered 4 exits: [*Mat x2] / *Exi / [*Sub]) -10/Exiles (discovered 2 exits: *Min x2) -9/Mines -8/Materials (discovered 5 exits: *Fac x3 / [*Sto x2]) -7/Factory -7/Waste -7/Factory -7/DSF -6/Factory -6/Waste -6/Factory -5/Factory -5/Upper Caves -5/Upper Caves -5/Warlord -4/Proximity Caves -4/Factory -4/Waste -4/Factory -3/Research (discovered 2 exits: Res / *Tes) -3/Testing -2/Research (discovered 2 exits: *Qua x2) -2/Quarantine (discovered 2 exits: [*Sec] / *Frg) -2/Protoforge -1/Access To Epsilon Eridani History --------- Turn | Location | Event 17 | -11/Scrapyard | Discovered new exit (range 3) 38 | -11/Scrapyard | Entered Materials 227 | -10/Materials | Discovered new exit (range 16) 311 | -10/Materials | Central database locked down 323 | -10/Materials | Build established: Mutant 376 | -10/Materials | Discovered new exit (range 6) 630 | -10/Materials | Entered Mines 680 | -10/Mines | Found a damaged Exp. Sensor Array with a note attached 682 | -10/Mines | Found Prototype Device 695 | -10/Mines | Identified Exp. Sensor Array 790 | -10/Mines | Learned location of Zion (-7) 981 | -10/Mines | Discovered new exit (range 16) 1093 | -10/Mines | Discovered new exit (range 3) 1113 | -10/Mines | Discovered new exit (range 6) 1270 | -10/Mines | Received a Rocket Launcher from a helpful Derelict 1433 | -10/Mines | Deemed a non-threat by the Exiles lab entrance 1434 | -10/Mines | Discovered new exit (range 5) 1439 | -10/Mines | Entered Exiles 1440 | -10/Exiles | Identified exit to Mines 1467 | -10/Exiles | Met 8R-AWN 1487 | -10/Exiles | Met EX-HEX 1519 | -10/Exiles | Met EX-BIN 1533 | -10/Exiles | Aligned with FarCom system 1534 | -10/Exiles | Given EX-Vault access code 1560 | -10/Exiles | Opened EX-Vault 1568 | -10/Exiles | Found XL Autogun Array 1590 | -10/Exiles | Warned to stay clear of 0b10 Research branches 1627 | -10/Exiles | Met EX-DEC 1694 | -10/Exiles | Attacked by the Exiles 1723 | -10/Exiles | Left Exiles lab with XL Autogun Array 1723 | -10/Exiles | Entered Mines 1889 | -9/Mines | Found a hidden stash of uninstalled traps 1995 | -9/Mines | Discovered new exit (range 15) 2009 | -9/Mines | Entered Materials 2009 | -8/Materials | Evolved 4 slots: Propulsion x1, Utility x1, Weapon x2 2549 | -8/Materials | Destroyed 9 combat bots 2589 | -8/Materials | Discovered new exit (range 6) 2670 | -8/Materials | Discovered new exit (range 5) 2900 | -8/Materials | Discovered new exit (range 10) 3048 | -8/Materials | Build established: Tank 3072 | -8/Materials | Central database locked down 3569 | -8/Materials | Build established: Gunner 3759 | -8/Materials | Discovered new exit (range 4) 3872 | -8/Materials | Core integrity fell below 50% 3928 | -8/Materials | Discovered new exit (range 10) 4009 | -8/Materials | First assault squad dispatched 4093 | -8/Materials | Entered Factory 4093 | -7/Factory | Evolved 2 slots: Utility x2 4332 | -7/Factory | Garrison activated, responded to threat 4355 | -7/Factory | Sucked down chute 4355 | -7/Factory | Entered Waste 4356 | -7/Waste | Met a frightened Derelict 4366 | -7/Waste | Spotted C-40 Crusher 4375 | -7/Waste | Destroyed C-40 Crusher 4419 | -7/Waste | Spotted C-40 Crusher 4424 | -7/Waste | Destroyed C-40 Crusher 4427 | -7/Waste | Spotted C-40 Crusher 4434 | -7/Waste | Destroyed C-40 Crusher 4461 | -7/Waste | Spotted C-40 Crusher 4471 | -7/Waste | Spotted C-40 Crusher 4479 | -7/Waste | Destroyed C-40 Crusher 4483 | -7/Waste | Destroyed C-40 Crusher 4548 | -7/Waste | Spotted C-40 Crusher 4555 | -7/Waste | Destroyed C-40 Crusher 4611 | -7/Waste | Warlord forces began an assault 4636 | -7/Waste | Discovered new exit (range 13) 4651 | -7/Waste | Identified exit to Factory 4681 | -7/Waste | Entered Factory 4681 | -7/Factory | Accompanied by 20 allies 4684 | -7/Factory | Identified exit to DSF 4689 | -7/Factory | Entered DSF 4689 | -7/DSF | Accompanied by 20 allies 4732 | -7/DSF | Additional patrols routed to DSF 4807 | -7/DSF | Discovered new exit (range 15) 4839 | -7/DSF | Identified exit to Factory 4860 | -7/DSF | Sterilization system engaged 4867 | -7/DSF | Entered Factory 4867 | -6/Factory | Accompanied by 17 allies 4867 | -6/Factory | Evolved 2 slots: Propulsion x1, Utility x1 4982 | -6/Factory | Fabricated Exp. Sensor Array? 5199 | -6/Factory | Sucked down chute 5199 | -6/Factory | Entered Waste 5199 | -6/Waste | Met up with 1 ally sucked down the chute earlier 5210 | -6/Waste | Spotted C-40 Crusher 5214 | -6/Waste | EMP discharged 5215 | -6/Waste | Destroyed C-40 Crusher 5221 | -6/Waste | Lost 5 allies 5225 | -6/Waste | Spotted C-40 Crusher 5232 | -6/Waste | Destroyed C-40 Crusher 5237 | -6/Waste | Spotted C-40 Crusher 5240 | -6/Waste | Destroyed C-40 Crusher 5265 | -6/Waste | Spotted C-40 Crusher 5269 | -6/Waste | Destroyed C-40 Crusher 5271 | -6/Waste | Spotted C-40 Crusher 5281 | -6/Waste | Destroyed C-40 Crusher 5309 | -6/Waste | Spotted C-40 Crusher 5314 | -6/Waste | EMP discharged 5314 | -6/Waste | System corruption reached 10% 5314 | -6/Waste | Destroyed C-40 Crusher 5324 | -6/Waste | Discovered new exit (range 11) 5337 | -6/Waste | Identified exit to Factory 5385 | -6/Waste | Entered Factory 5385 | -6/Factory | Accompanied by 5 allies 5390 | -6/Factory | 8 allies followed down the chute 5501 | -6/Factory | Build established: Scavenger-Gunner 6086 | -6/Factory | Repaired Imp. Hardlight Generator 6149 | -6/Factory | Repaired Antimatter Reactor 6613 | -6/Factory | Discovered new exit (range 4) 6616 | -6/Factory | Identified exit to Factory 6672 | -6/Factory | Entered another Factory area 6672 | -5/Factory | Evolved 2 slots: Power x1, Utility x1 6678 | -5/Factory | Identified exit to DSF 6964 | -5/Factory | Build established: Scavenger-Mutant 7099 | -5/Factory | Discovered new exit (range 15) 7121 | -5/Factory | Identified exit to Upper Caves 7202 | -5/Factory | Entered Upper Caves 7257 | -5/Upper Caves | Attracted the attention of an 0b10 checkpoint 7314 | -5/Upper Caves | Met a Warlord Commander 7315 | -5/Upper Caves | Learned location of Warlord (-5) 7316 | -5/Upper Caves | Warlord Commander delivered Encrypted Comm Array 7330 | -5/Upper Caves | Build established: Scavenger-Gunner 7706 | -5/Upper Caves | Discovered new exit (range 12) 7732 | -5/Upper Caves | Identified exit to Upper Caves 7735 | -5/Upper Caves | Entered another Upper Caves area 7807 | -5/Upper Caves | Encountered a Warlord checkpoint 7964 | -5/Upper Caves | Discovered new exit (range 16) 7968 | -5/Upper Caves | Encountered a Master Thief 7968 | -5/Upper Caves | Encountered a Master Thief 7968 | -5/Upper Caves | Encountered a Master Thief 7968 | -5/Upper Caves | Encountered a Master Thief 7972 | -5/Upper Caves | Exp. Sensor Array stolen by Master Thief 7975 | -5/Upper Caves | Antimatter Reactor stolen by Master Thief 7999 | -5/Upper Caves | Identified exit to Warlord 8001 | -5/Upper Caves | Entered Warlord 8139 | -5/Warlord | Found Prototype Energy Gun 8319 | -5/Warlord | Visited the Vortex Lab 8331 | -5/Warlord | Found Prototype Energy Gun 8331 | -5/Warlord | Identified Vortex Rifle 8333 | -5/Warlord | Warlord's base attacked by MAIN.C 8469 | -5/Warlord | Learned Testing trap positions 8470 | -5/Warlord | Learned 4 Research zone layouts 8471 | -5/Warlord | Learned Research security intel 8471 | -5/Warlord | Learned Factory terminal intel 8547 | -5/Warlord | Found Prototype Hackware 8547 | -5/Warlord | Identified Ghost Barrier 8561 | -5/Warlord | Found Prototype Reactor 8593 | -5/Warlord | Spotted B-75 Beast 8593 | -5/Warlord | Spotted B-86 Titan 8680 | -5/Warlord | Spotted B-86 Titan 8680 | -5/Warlord | Spotted Executioner 8682 | -5/Warlord | Spotted B-75 Beast 8683 | -5/Warlord | Warlord forces counterattacked 8684 | -5/Warlord | Spotted Executioner 8699 | -5/Warlord | Destroyed B-75 Beast 8700 | -5/Warlord | Destroyed BV-KDH(B) 8703 | -5/Warlord | Destroyed Executioner 8704 | -5/Warlord | Destroyed Executioner 8723 | -5/Warlord | Found Prototype Processor 8723 | -5/Warlord | Identified Exp. Core Analyzer 8726 | -5/Warlord | Found Exp. Core Analyzer 8733 | -5/Warlord | Lost 7 allies 8787 | -5/Warlord | Spotted Executioner 8794 | -5/Warlord | Destroyed Executioner 8838 | -5/Warlord | Spotted Executioner 8866 | -5/Warlord | Lost 9 allies 8889 | -5/Warlord | Spotted Striker 8891 | -5/Warlord | Spotted Executioner 8891 | -5/Warlord | Destroyed Striker 8896 | -5/Warlord | Destroyed Executioner 8905 | -5/Warlord | Spotted Executioner 8916 | -5/Warlord | Lost 4 allies 8930 | -5/Warlord | Destroyed 9 combat bots 8950 | -5/Warlord | Spotted Striker 8966 | -5/Warlord | Discovered new exit (range 15) 8986 | -5/Warlord | Found Prototype Processor 8986 | -5/Warlord | Identified Exp. Targeting Computer 9008 | -5/Warlord | Warlord base infiltrated, sounded retreat 9008 | -5/Warlord | Lost 5 allies 9010 | -5/Warlord | Identified exit to Proximity Caves 9012 | -5/Warlord | Entered Proximity Caves 9054 | -4/Proximity Caves | Learned location of 1 exit from Research 9338 | -4/Proximity Caves | Attracted the attention of an 0b10 checkpoint 9360 | -4/Proximity Caves | Destroyed 7 combat bots 9509 | -4/Proximity Caves | Identified exit to Factory 9666 | -4/Proximity Caves | Entered Factory 9666 | -4/Factory | Evolved 2 slots: Propulsion x2 9667 | -4/Factory | Identified exit to Research 9668 | -4/Factory | Loaded intel: 26 terminal locations 10220 | -4/Factory | Repaired Broken Hvy. Treads 10283 | -4/Factory | Repaired Lgt. Antimatter Reactor 10299 | -4/Factory | Sucked down chute 10299 | -4/Factory | Entered Waste 10314 | -4/Waste | EMP discharged 10369 | -4/Waste | Spotted C-40 Crusher 10374 | -4/Waste | Spotted C-40 Crusher 10376 | -4/Waste | Destroyed C-40 Crusher 10379 | -4/Waste | Spotted C-40 Crusher 10379 | -4/Waste | Destroyed C-40 Crusher 10384 | -4/Waste | Destroyed C-40 Crusher 10399 | -4/Waste | Spotted C-40 Crusher 10402 | -4/Waste | Spotted C-40 Crusher 10403 | -4/Waste | Destroyed C-40 Crusher 10408 | -4/Waste | Destroyed C-40 Crusher 10414 | -4/Waste | EMP discharged 10414 | -4/Waste | System corruption reached 10% 10444 | -4/Waste | Discovered new exit (range 13) 10457 | -4/Waste | Identified exit to Factory 10458 | -4/Waste | Entered Factory 11384 | -4/Factory | Fabricated Hvy. Treads (x1) 11520 | -4/Factory | Repaired Broken Adv. Heavy Siege Treads 11728 | -4/Factory | Discovered exit to Research (range 6) 11776 | -4/Factory | Entered Research 11776 | -3/Research | Evolved 2 slots: Utility x2 11777 | -3/Research | Identified exit to Research 12328 | -3/Research | Discovered new exit (range 9) 12397 | -3/Research | Identified exit to Testing 12574 | -3/Research | Entered Testing 12575 | -3/Testing | Loaded intel: 28 trap records 12841 | -3/Testing | Repaired Helical Railgun 12973 | -3/Testing | Found Prototype Hackware 12973 | -3/Testing | Identified Exp. Hacking Suite 13163 | -3/Testing | Found Prototype Device 13163 | -3/Testing | Identified Exp. Hardlight Generator 13245 | -3/Testing | Garrison activated, responded to threat 13393 | -3/Testing | Found Prototype Protection 13619 | -3/Testing | Repaired Arm. Huge Wheel+ 13734 | -3/Testing | System corruption reached 10% 13815 | -3/Testing | Discovered exit to Research (range 9) 13848 | -3/Testing | Entered Research 13848 | -2/Research | Evolved 2 slots: Utility x2 13849 | -2/Research | Identified SHELL Armor 13997 | -2/Research | Spotted B-90 Cyclops 14114 | -2/Research | Lost 4 parts (1n1u2w) 14441 | -2/Research | Watched by a mysterious "MATRIX" hacker. 14970 | -2/Research | Found Prototype Launcher 15130 | -2/Research | Identified Vortex Chain Reactor 15154 | -2/Research | Identified Ragnarok Missile Launcher 15598 | -2/Research | First assault squad dispatched 15813 | -2/Research | Identified exit to Quarantine 15880 | -2/Research | System corruption reached 10% 15982 | -2/Research | Garrison activated, responded to threat 16025 | -2/Research | Specialist reinforcements revealed to be Infiltrators 16054 | -2/Research | Lost 3 parts (1n2w) 16158 | -2/Research | Spotted B-90 Cyclops 16165 | -2/Research | Destroyed B-90 Cyclops 16199 | -2/Research | Entered Quarantine 16344 | -2/Quarantine | Found Alien Reactor 16344 | -2/Quarantine | Identified Matter Drive 16449 | -2/Quarantine | First assault squad dispatched 16474 | -2/Quarantine | Found Alien Artifact 16474 | -2/Quarantine | Identified Phase Redirector 17019 | -2/Quarantine | Spotted Fortress 17169 | -2/Quarantine | Scanned by Researcher 17284 | -2/Quarantine | Build established: Scavenger-Tank 17333 | -2/Quarantine | Destroyed Fortress 17442 | -2/Quarantine | Discovered new exit (range 6) 17442 | -2/Quarantine | Discovered new exit (range 7) 17446 | -2/Quarantine | Identified exit to Protoforge 17475 | -2/Quarantine | Entered Protoforge 17475 | -2/Protoforge | Spotted B-90 Cyclops 17498 | -2/Protoforge | Superfortress began startup sequence 17523 | -2/Protoforge | Destroyed B-90 Cyclops 17561 | -2/Protoforge | Spotted Hotshot 17582 | -2/Protoforge | Spotted Hotshot 17583 | -2/Protoforge | Destroyed Hotshot 17647 | -2/Protoforge | Destroyed Hotshot 17725 | -2/Protoforge | First assault squad dispatched 17800 | -2/Protoforge | Destroyed 8 combat bots 17811 | -2/Protoforge | Build established: Scavenger-Gunner 17920 | -2/Protoforge | Discovered new exit (range 16) 18198 | -2/Protoforge | Found Prototype Protection 18198 | -2/Protoforge | Identified Cep. Core Shell 18266 | -2/Protoforge | Found Prototype Ballistic Gun 18266 | -2/Protoforge | Identified Cep. XC Strikerail 18270 | -2/Protoforge | Found Cep. XC Strikerail 18323 | -2/Protoforge | Found Prototype Device 18323 | -2/Protoforge | Identified Exp. Trap Extractor 18347 | -2/Protoforge | Found Prototype Device 18362 | -2/Protoforge | Core integrity fell below 50% 18401 | -2/Protoforge | Lost 4 parts (2n1u1w) 18437 | -2/Protoforge | Identified Exp. System Purifier 18659 | -2/Protoforge | Entered Access 18659 | -1/Access | Evolved 2 slots: Power x1, Utility x1 18829 | -1/Access | Spotted B-99 Colossus 19159 | -1/Access | First assault squad dispatched 19476 | -1/Access | Destroyed 10 combat bots 19531 | -1/Access | Spotted B-99 Colossus 19590 | -1/Access | Spotted B-99 Colossus 19603 | -1/Access | Spotted B-99 Colossus 19615 | -1/Access | Core integrity fell below 50% 19619 | -1/Access | Core integrity fell below 20% 19629 | -1/Access | Discovered new exit (range 3) 19633 | *** | Escaped! Last Messages --------------- 19617_ Penetrated by Slug. 19617_ Slug penetrates Wall. 19617_ Slug penetrates G-73 Enforcer. 19617_ Knocked back. 19617_ Penetrated by Slug. 19617_ Slug penetrates Reinforced Barrier. 19617_ Slug penetrates Wall. 19618_ P-80 Master knocked back. 19620_ Knocked back. 19620_ Slug penetrates Sealed Heavy Doors. 19620_ Penetrated by Slug. 19620_ Slug penetrates Main Access Shell. 19624_ ALERT: Potential suspicious activity detected, Q-Series report to Access Zone 9R. 19627_ Slug penetrates Main Access Shell. 19627_ Penetrated by Slug. 19629_ EXIT=FOUND 19632_ Slug penetrates Sealed Heavy Doors. 19632_ Penetrated by Slug. [Achievement: By A Hair] Map ----- +----------------------------------------------------+ | "" #??? ???????????????????????????? | | """ ##? ??????????????????????????? | | """ ""? !== ??????????????????????????? | | """ "# != ?????????????????????????? | | """ %# == = ?????????????????????????? | | """ / ?????????????????????????? | | " "# ?????????????????????????? | | ##############????????????????????????????? | | "#????????????????????????????????????????? | | "#????????????????????????????????????????? | | #?????????????????????????????????????????? | | #?????????????????????????????????????????? | | %#?????????????????????????????????????????? | | % #?????????????????????????????????????????? | | #?????????????????????????????????????????? | | T"#?????????????????????????????????????????? | | ""#?????????????????????????????????????????? | | " ##????????????????????????????????????????? | | % "?????????????????????????????????????????? | | #?????????????????????????????????????????? | | ###########??##########"??????????????????? | | """ |[%" # "??" "??????????????????? | | # "%!%%% " "??" "??????????????????? | | ##"!%!*[""% "??" """""" "??????????????????? | | ### %!=! "??" " " "??????????????????? | | # " [%% """" " "@ "??????????????????? | | ### " "" " "??????????????????? | | ??# % BB p " " "??????????????????? | | ??######## BB % """""" "??????????????????? | | ?????????# """" ? "??????????????????? | | ?????????# "??" "??????????????????? | | ?????????#########??##########"??????????????????? | | ?????????????????????????????????????????????????? | | ?????????????????????????????????????????????????? | | ?????????????????????????????????????????????????? | | ?????????????????????????????????????????????????? | | ?????????????????????????????????????????????????? | | ?????????????????????????????????????????????????? | | ?????????????????????????????????????????????????? | | ?????????????????????????????????????????????????? | | ?????????????????????????????????????????????????? | | ?????????????????????????????????????????????????? | | ?????????????????????????????????????????????????? | | ?????????????????????????????????????????????????? | | ?????????????????????????????????????????????????? | | ?????????????????????????????????????????????????? | | ?????????????????????????????????????????????????? | | ?????????????????????????????????????????????????? | | ?????????????????????????????????????????????????? | | ?????????????????????????????????????????????????? | +----------------------------------------------------+ Best States ------------- Heat Dissipation 104 Energy Generation 61 Energy Capacity 825 Matter Stores 300 Matter Capacity 300 Sight Range 16 Robot Scan Range 20 Terrain Scan Density 10 Jamming Range 14 Base Temperature (-) 200 Corruption Containment 12 Armor Coverage 1800 Core Shielding 90 Utility Shielding 66 Weapon Shielding 90 Phase Shifting 15 Evasion (%) 55 Targeting Accuracy 16 Core Analysis 12 Armor Integrity Analysis 30 Recoil Reduction 4 Kinecelleration 40 Salvage Targeting 5 Offensive Hacking 16 Defensive Hacking 30 Authchip Count 2 Item Schematics ----------------- Exp. Sensor Array | -8/Materials | Scanalyzed Hrd. Heavy Armor Plating | -6/Factory | Scanalyzed Hvy. Treads | -4/Factory | Scanalyzed Adv. Heavy Siege Treads | -3/Research | Scanalyzed Exp. Field Recycling Unit | -3/Testing | Archive Hvy. Wave Gun | -3/Testing | Archive Exp. Propulsion Shielding | -3/Testing | Archive Adv. Thermal Defense Suite | -2/Quarantine | Archive Com. Particle Reactor | -2/Quarantine | Archive Exp. System Shield | -2/Quarantine | Archive Tactical Quantum Warhead | -2/Quarantine | Archive Robot Schematics ------------------ C-55 Analyst | -3/Testing | Archive R-06 Scavenger | -3/Testing | Archive S-43 Plague | -2/Quarantine | Archive K-01 Serf | -2/Quarantine | Archive Fabricated ------------ Exp. Sensor Array | x1 | -6/Factory | Authchip Hvy. Treads | x1 | -4/Factory | Authchip Repaired ---------- Imp. Hardlight Generator | 17% | -6/Factory Antimatter Reactor | 71% | -6/Factory Hvy. Treads | 8% | -4/Factory | Broken Lgt. Antimatter Reactor | 38% | -4/Factory Adv. Heavy Siege Treads | 6% | -4/Factory | Broken Helical Railgun | 11% | -3/Testing Arm. Huge Wheel | 4% | -3/Testing Studied --------- Arm. Wheel | -8/Materials | Hacked Com. Wheel | -6/Factory | Hacked Arm. Huge Wheel | -6/Factory | Hacked Rocket Launcher | -6/Factory | Hacked Wheel | -3/Testing | Hacked Centrium Wheel | -2/Research | Hacked Dispersion Rifle | -2/Quarantine | Hacked Alien Tech Used ----------------- Matter Drive Phase Redirector Achievements -------------- By A Hair Challenges ------------ None Game ------ Seed InterceptLightpackStrikerail Manual? 0 Play Time 04:54:18 Cumulative 212.4 hours Start 2026.04.23 @ 00:21:34 End 2026.04.23 @ 14:24:54 Sessions 3 Manual Loads 0 Difficulty Rogue Special Mode None Game No. 124 Rogue 124 Adventurer 0 Explorer 0 Win Type 0 Total 8 Types 4/0/2/1/0/0/0/1/0/0 Lore% 65 Gallery% 59 Achievement% 53 Wizard Run 0 Options --------- Layout 2 ASCII 0 Keyboard 1 Movement Arrows Keybinds 0 Fullscreen 2 Font 24/Terminus Map View 50x44 Zoom Use 0% Tactical HUD 1 Map Filters NONE Filters NONE Steam 1 RUN: d72432ab-d17e-4e6e-ad6b-73d17b452ce9